Map: Blueshift LE

Players

Scandalous

  • Race: Protoss Protoss
  • League: Master
  • Spawn Location: 7:00

AgentSmith - Winner!

  • Race: Zerg Zerg
  • League: Master
  • Spawn Location: 1:00

VOD

Have the link to the VOD?

Description

Time

  • Played on: Aug. 27, 2018, 12:05 a.m.
  • Length: 11:24
Show
View Real Time Build Order
Export as new Build Order

Scandalous Protoss 

Build Orders: 1 Gate Expand 

Get SALT Encoding   

  12  0:01  Probe  
  13  0:13  Probe  
  14  0:20  Pylon  
  14  0:25  Probe  
  15  0:39  Gateway  
  15  0:41  Probe  
  16  0:53  Probe  
  16  0:54  Assimilator  
  17  1:01  Probe  
  18  1:21  Probe  
  19  1:29  Nexus  
  19  1:33  Probe  
  19  1:38  Cybernetics Core  
  20  1:45  Probe  
  21  1:48  Assimilator  
  21  1:57  Probe  
  21  1:59  Pylon  
  22  2:10  Probe  
  23  2:15  Adept  
  25  2:23  Probe  
  26  2:33  Stargate  
  26  2:34  Adept, Shield Battery  
  26  2:35  Probe  
  27  2:43  Probe  
  29  2:46  Probe  
  31  2:52  Probe  
  31  2:54  Probe  
  32  3:00  Probe  
  32  3:02  Probe  
  35  3:06  Assimilator  
  35  3:09  Void Ray  
  35  3:11  Assimilator  
  35  3:12  Probe  
  39  3:21  Probe  
  39  3:24  Sentry  
  42  3:28  Pylon  
  42  3:30  Probe  
  42  3:33  Probe  
  44  3:39  Probe  
  44  3:45  Probe  
  44  3:47  Probe  
  47  3:56  Stargate  
  47  3:57  Probe x2  
  49  4:05  Stargate  
  49  4:09  Probe x2  
  51  4:16  Pylon  
  51  4:21  Probe x2  
  53  4:24  Fleet Beacon  
  53  4:33  Probe  
  53  4:35  Pylon  
  53  4:37  Forge  
  53  4:38  Probe  
  55  4:46  Probe  
  56  4:54  Pylon  
  56  4:56  Pylon  
  56  5:06  Carrier  
  56  5:07  Carrier  
  68  5:23  Nexus  
  68  5:25  Carrier  
  68  5:27  Pylon  
  68  5:29  Protoss Air Weapons Level 1  
  68  5:42  Probe x2  
  76  5:54  Probe  
  77  5:59  Probe  
  77  6:04  Photon Cannon  
  78  6:06  Photon Cannon, Probe  
  78  6:07  Shield Battery  
  78  6:08  Gateway  
  78  6:11  Probe  
  80  6:18  Probe  
  81  6:23  Probe  
  82  6:26  Pylon  
  82  6:28  Assimilator, Carrier  
  82  6:30  Probe  
  82  6:31  Carrier  
  83  6:35  Probe  
  90  6:43  Probe  
  90  6:44  Probe  
  98  6:57  Probe  
  98  7:01  Probe x2  
  94  7:02  Carrier  
  94  7:03  Zealot  
  94  7:04  Zealot  
  100  7:12  Photon Cannon  
  100  7:13  Probe  
  107  7:19  Probe  
  107  7:20  Probe  
  109  7:25  Probe  
  110  7:30  Zealot  
  110  7:31  Probe, Zealot  
  110  7:32  Probe, Assimilator  
  110  7:35  Photon Cannon, Pylon  
  116  7:37  Probe  
  116  7:40  Graviton Catapult  
  117  7:47  Pylon  
  117  7:49  Pylon  
  117  7:54  Probe x2  
  117  7:57  Probe, Zealot  
  118  8:19  Shield Battery x2  
  112  8:22  Shield Battery  
  106  8:39  Shield Battery  
  106  8:41  Carrier, Shield Battery  
  94  8:59  Zealot  
  99  9:15  Shield Battery  
  99  9:16  Shield Battery  
  99  9:17  Shield Battery  
  93  9:23  Pylon  
  93  9:25  Pylon  
  93  9:35  Carrier  
  93  10:01  Gateway  
  93  10:02  Gateway  
  101  10:09  Robotics Facility  
  101  10:10  Gateway  
  101  10:48  Gateway  
  101  10:51  Pylon  
  101  10:52  Pylon  
Show
View Real Time Build Order
Export as new Build Order

AgentSmith Zerg - Winner!

Build Orders: Hatch First 

Get SALT Encoding   

  12  0:02  Drone  
  13  0:14  Overlord  
  13  0:17  Drone  
  14  0:32  Drone x2  
  16  0:49  Hatchery  
  15  0:52  Drone  
  15  0:55  Drone  
  17  0:58  Drone  
  18  1:09  Extractor  
  17  1:14  Spawning Pool  
  17  1:16  Drone  
  17  1:20  Drone  
  18  1:29  Drone  
  19  1:41  Overlord  
  19  1:52  Drone  
  20  2:01  Queen  
  20  2:02  Queen  
  20  2:03  Zergling x4  
  26  2:09  Metabolic Boost  
  26  2:14  Drone x2  
  28  2:27  Drone x2  
  30  2:34  Overlord  
  30  2:38  Drone  
  31  2:45  Hatchery  
  30  2:51  Queen  
  30  2:53  Overlord  
  32  3:06  Drone x2  
  32  3:07  Drone x3  
  37  3:13  Drone x4  
  37  3:16  Zergling x2  
  37  3:19  Zergling x2  
  43  3:26  Queen  
  45  3:38  Evolution Chamber  
  45  3:40  Drone x4  
  48  3:42  Queen  
  48  3:48  Drone x2  
  52  3:57  Overlord x2  
  52  4:12  Zerg Ground Armor Level 1  
  52  4:15  Queen x2  
  56  4:17  Drone x6  
  56  4:18  Drone  
  63  4:26  Queen  
  63  4:29  Overlord x2  
  65  4:33  Overlord  
  65  4:34  Overlord  
  65  4:39  Extractor x2  
  65  4:42  Spore Crawler x2  
  61  4:50  Spore Crawler  
  61  4:51  Drone x6  
  67  4:52  Drone  
  67  4:54  Drone  
  67  4:57  Drone x2  
  67  4:59  Drone x2  
  72  5:06  Lair  
  72  5:10  Drone x5  
  72  5:13  Drone x2  
  79  5:19  Overlord  
  79  5:22  Pneumatized Carapace  
  79  5:29  Extractor  
  79  5:30  Extractor  
  79  5:33  Zergling x20  
  87  5:39  Drone x4  
  91  5:58  Overlord x5  
  91  5:59  Overlord x3  
  91  6:02  Drone x4  
  95  6:05  Queen  
  95  6:07  Hydralisk Den  
  96  6:18  Queen  
  98  6:21  Zerg Ground Armor Level 2  
  98  6:27  Overlord x2  
  98  6:37  Overlord x2  
  98  6:38  Grooved Spines  
  98  6:41  Hydralisk x6  
  109  6:52  Hydralisk x3  
  109  6:53  Hydralisk x2  
  111  7:01  Hydralisk x2  
  111  7:02  Hydralisk  
  111  7:04  Queen  
  119  7:21  Hydralisk  
  119  7:22  Hydralisk x4  
  129  7:27  Hydralisk x2  
  129  7:29  Queen x2  
  137  7:49  Muscular Augments, Hydralisk x3  
  137  7:50  Hydralisk x3  
  149  7:51  Hatchery  
  149  7:56  Hydralisk  
  149  7:57  Hydralisk  
  152  7:59  Zergling x18  
  157  8:18  Hydralisk  
  157  8:19  Hydralisk x5  
  164  8:21  Queen x2  
  164  8:30  Hydralisk x3  
  164  8:34  Zergling x14  
  167  8:47  Hydralisk x4  
  171  8:54  Hydralisk x2  
  166  9:06  Zerg Missile Weapons Level 1  
  166  9:07  Queen x2  
  168  9:16  Hydralisk  
  168  9:17  Hydralisk x3  
  173  9:29  Overseer  
  173  9:38  Hydralisk x5  
  169  10:03  Hydralisk x7  
  183  10:17  Overseer  
Tags
 
Add a new tag
Caveats
  • Supply blocks, unpowered buildings, or Contaminate may cause inaccurate times.
  • Supply counts are checked every 10 seconds.